| TOP OF THE 1ST |
|
Tri-City Dust Devils batting - Pitching for Auburn Doubledays : RHP Greg Hall
|
|
Pitching: RHP Greg Hall
|
|
|
Batting: RHB Ben Hoffman
|
0-0: Ball 1-0: Called Strike 1-1: Ball 2-1: Swinging Strike 2-2: Foul Ball, location: 2F 2-2: Ball 3-2: Strikes out looking
|
|
Batting: SHB Cesar Arteaga
|
0-0: Foul Ball, location: 2F 0-1: Foul Ball, location: 2F 0-2: Foul Ball, location: 2F 0-2: Ball 1-2: Strikes out swinging
|
|
Batting: LHB Justin Rankin
|
0-0: Ball 1-0: Called Strike 1-1: Foul Ball, location: 2F 1-2: Foul Ball, location: 2F 1-2: Ground out U3 (Groundball, 3, EV 86.2 MPH)
|
| Top of the 1st over - 0 runs, 0 hits, 0 errors, 0 left on base; Tri-City 0 - Auburn 0 |
| BOTTOM OF THE 1ST |
|
Auburn Doubledays batting - Pitching for Tri-City Dust Devils : LHP Kyle Bachman
|
|
Pitching: LHP Kyle Bachman
|
|
|
Batting: RHB Qian Tai
|
0-0: Called Strike 0-1: Ball 1-1: Ball 2-1: Ball 3-1: Called Strike 3-2: Base on Balls
|
|
Batting: RHB Charlie Iacovone
|
0-0: Ball 1-0: Called Strike Qian Tai is caught stealing 2nd base 2-4 1-1: Fly out, F7 (Flyball, 78M, EV 76.2 MPH)
|
|
Batting: RHB Kenny Ball
|
0-0: Ball 1-0: Called Strike 1-1: Called Strike 1-2: Foul Ball, location: 2F 1-2: SINGLE (Flyball, 4D, EV 89.4 MPH)
|
|
Batting: LHB Mike Hamilton
|
0-0: Swinging Strike 0-1: Called Strike 0-2: Strikes out swinging
|
| Bottom of the 1st over - 0 runs, 1 hit, 0 errors, 1 left on base; Tri-City 0 - Auburn 0 |
| TOP OF THE 2ND |
|
Tri-City Dust Devils batting - Pitching for Auburn Doubledays : RHP Greg Hall
|
|
Batting: SHB Jared Boyce
|
0-0: Ball 1-0: Fly out, F8 (Flyball, 78D, EV 86.9 MPH)
|
|
Batting: SHB Blake Abbott
|
0-0: Ball 1-0: Ground out 5-3 (Groundball, 56S, EV 83.8 MPH)
|
|
Batting: RHB Hector Fernandez
|
0-0: Ball 1-0: Swinging Strike 1-1: Ball 2-1: Called Strike 2-2: Foul Ball, location: 2F 2-2: Ball 3-2: DOUBLE (Line Drive, 7LS, EV 104.4 MPH)
|
|
Batting: LHB Paul Collins
|
0-0: Called Strike 0-1: Ground out 4-3 (Groundball, 4, EV 87.5 MPH)
|
| Top of the 2nd over - 0 runs, 1 hit, 0 errors, 1 left on base; Tri-City 0 - Auburn 0 |
| BOTTOM OF THE 2ND |
|
Auburn Doubledays batting - Pitching for Tri-City Dust Devils : LHP Kyle Bachman
|
|
Batting: RHB Billy Williamson
|
0-0: Ball 1-0: Called Strike 1-1: Ball 2-1: Ball 3-1: Base on Balls
|
|
Batting: RHB Joe Simmelink
|
0-0: Grounds out, U3 (Groundball, 3L, EV 103.1 MPH)
|
|
Batting: RHB Jon Ortiz
|
0-0: Called Strike 0-1: Swinging Strike 0-2: Ball 1-2: Strikes out swinging
|
|
Batting: RHB Jorge Torres
|
0-0: Ball Wild Pitch! Billy Williamson to third 1-0: Swinging Strike 1-1: Hit by Pitch
|
|
Batting: LHB Tony Olvera
|
0-0: Ball 1-0: Called Strike Jorge Torres is caught stealing 2nd base 2-6
|
| Bottom of the 2nd over - 0 runs, 0 hits, 0 errors, 1 left on base; Tri-City 0 - Auburn 0 |
| TOP OF THE 3RD |
|
Tri-City Dust Devils batting - Pitching for Auburn Doubledays : RHP Greg Hall
|
|
Batting: RHB Joel Vazquez
|
0-0: Foul Ball, location: 2F 0-1: Ground out 6-3 (Groundball, 6, EV 103.1 MPH)
|
|
Batting: RHB Pleun Smit
|
0-0: Called Strike 0-1: Ball 1-1: Foul Ball, location: 2F 1-2: Strikes out swinging, 2-3 out at first.
|
|
Batting: RHB Ben Hoffman
|
0-0: Called Strike 0-1: Swinging Strike 0-2: Ball 1-2: Fly out, F3 (Popup, 34S, EV 71.2 MPH)
|
| Top of the 3rd over - 0 runs, 0 hits, 0 errors, 0 left on base; Tri-City 0 - Auburn 0 |
| BOTTOM OF THE 3RD |
|
Auburn Doubledays batting - Pitching for Tri-City Dust Devils : LHP Kyle Bachman
|
|
Batting: LHB Tony Olvera
|
0-0: Foul Ball, location: 2F 0-1: Ground out 5-3 (Groundball, 56, EV 83.1 MPH)
|
|
Batting: RHB Qian Tai
|
0-0: SINGLE (Flyball, 4MD, EV 85.0 MPH)
|
|
Batting: RHB Charlie Iacovone
|
0-0: Called Strike Qian Tai steals 2nd base 0-1: Ball 1-1: Foul Ball, location: 2F 1-2: Ball 2-2: Ground out U3 (Groundball, 34S, EV 80.6 MPH) Qian Tai to third
|
|
Batting: RHB Kenny Ball
|
0-0: Ball 1-0: SINGLE (Groundball, 6S, EV 69.4 MPH) (infield hit) Qian Tai scores
|
|
Batting: LHB Mike Hamilton
|
0-0: Fly out, F9 (Flyball, 9D, EV 83.8 MPH)
|
| Bottom of the 3rd over - 1 run, 2 hits, 0 errors, 1 left on base; Tri-City 0 - Auburn 1 |
| TOP OF THE 4TH |
|
Tri-City Dust Devils batting - Pitching for Auburn Doubledays : RHP Greg Hall
|
|
Batting: SHB Cesar Arteaga
|
0-0: Swinging Strike 0-1: Ball 1-1: Foul Ball, location: 2F 1-2: Foul Ball, location: 2F 1-2: Foul Ball, location: 2F 1-2: Strikes out swinging
|
|
Batting: LHB Justin Rankin
|
0-0: Called Strike 0-1: Foul Ball, location: 2F 0-2: Strikes out swinging
|
|
Batting: SHB Jared Boyce
|
0-0: Fly out, F8 (Flyball, 78XD, EV 91.9 MPH)
|
| Top of the 4th over - 0 runs, 0 hits, 0 errors, 0 left on base; Tri-City 0 - Auburn 1 |
| BOTTOM OF THE 4TH |
|
Auburn Doubledays batting - Pitching for Tri-City Dust Devils : LHP Kyle Bachman
|
|
Batting: RHB Billy Williamson
|
0-0: Ball 1-0: Called Strike 1-1: Ball 2-1: Foul Ball, location: 2F 2-2: Foul Ball, location: 2F 2-2: Ball 3-2: Ground out 4-3 (Groundball, 4, EV 88.1 MPH)
|
|
Batting: RHB Joe Simmelink
|
0-0: Called Strike 0-1: Ball 1-1: Swinging Strike 1-2: Strikes out swinging
|
|
Batting: RHB Jon Ortiz
|
0-0: Ball 1-0: Fly out, F9 (Flyball, 89M, EV 90.6 MPH)
|
| Bottom of the 4th over - 0 runs, 0 hits, 0 errors, 0 left on base; Tri-City 0 - Auburn 1 |
| TOP OF THE 5TH |
|
Tri-City Dust Devils batting - Pitching for Auburn Doubledays : RHP Greg Hall
|
|
Batting: SHB Blake Abbott
|
0-0: Ground out U3 (Groundball, 34, EV 82.5 MPH)
|
|
Batting: RHB Hector Fernandez
|
0-0: Called Strike 0-1: Swinging Strike 0-2: Ball 1-2: Strikes out looking
|
|
Batting: LHB Paul Collins
|
0-0: Ball 1-0: Ball 2-0: SINGLE (Flyball, 3D, EV 91.2 MPH)
|
|
Batting: RHB Joel Vazquez
|
0-0: Called Strike 0-1: Ground out U3 (Groundball, 3L, EV 102.5 MPH)
|
| Top of the 5th over - 0 runs, 1 hit, 0 errors, 1 left on base; Tri-City 0 - Auburn 1 |
| BOTTOM OF THE 5TH |
|
Auburn Doubledays batting - Pitching for Tri-City Dust Devils : LHP Kyle Bachman
|
|
Batting: RHB Jorge Torres
|
0-0: Ball 1-0: Ground out 4-3 (Groundball, 4S, EV 58.8 MPH)
|
|
Batting: LHB Tony Olvera
|
0-0: Called Strike 0-1: Foul Ball, location: 2F 0-2: Ball 1-2: Ball 2-2: Ball 3-2: Strikes out looking
|
|
Batting: RHB Qian Tai
|
0-0: Swinging Strike 0-1: Called Strike 0-2: Strikes out swinging
|
| Bottom of the 5th over - 0 runs, 0 hits, 0 errors, 0 left on base; Tri-City 0 - Auburn 1 |
| TOP OF THE 6TH |
|
Tri-City Dust Devils batting - Pitching for Auburn Doubledays : RHP Greg Hall
|
|
Batting: RHB Pleun Smit
|
0-0: Called Strike 0-1: Foul Ball, location: 2F 0-2: Ball 1-2: Strikes out swinging
|
|
Batting: RHB Ben Hoffman
|
0-0: Ball 1-0: Foul Ball, location: 2F 1-1: Ground out 4-3 (Groundball, 4, EV 88.1 MPH)
|
|
Batting: SHB Cesar Arteaga
|
0-0: Called Strike 0-1: Ball 1-1: Ball 2-1: Foul Ball, location: 2F 2-2: Foul Ball, location: 2F 2-2: Foul Ball, location: 2F 2-2: Ground out 6-3 (Groundball, 6, EV 86.2 MPH)
|
| Top of the 6th over - 0 runs, 0 hits, 0 errors, 0 left on base; Tri-City 0 - Auburn 1 |
| BOTTOM OF THE 6TH |
|
Auburn Doubledays batting - Pitching for Tri-City Dust Devils : LHP Kyle Bachman
|
|
Batting: RHB Charlie Iacovone
|
0-0: Foul Ball, location: 2F 0-1: Called Strike 0-2: Ball 1-2: Foul Ball, location: 2F 1-2: Ball 2-2: Strikes out swinging
|
|
Batting: RHB Kenny Ball
|
0-0: Ball 1-0: Swinging Strike 1-1: Ball 2-1: Foul Ball, location: 2F 2-2: Foul Ball, location: 2F 2-2: Strikes out swinging
|
|
Batting: LHB Mike Hamilton
|
0-0: Ball 1-0: Called Strike 1-1: Swinging Strike 1-2: Strikes out swinging
|
| Bottom of the 6th over - 0 runs, 0 hits, 0 errors, 0 left on base; Tri-City 0 - Auburn 1 |
| TOP OF THE 7TH |
|
Tri-City Dust Devils batting - Pitching for Auburn Doubledays : RHP Greg Hall
|
|
Batting: LHB Justin Rankin
|
0-0: Foul Ball, location: 2F 0-1: Foul Ball, location: 2F 0-2: Strikes out looking
|
|
Batting: SHB Jared Boyce
|
0-0: Foul Ball, location: 2F 0-1: Ball 1-1: Ball 2-1: Foul Ball, location: 2F 2-2: Foul Ball, location: 2F 2-2: Foul Ball, location: 2F 2-2: Ball 3-2: Foul Ball, location: 2F 3-2: Ground out 4-3 (Groundball, 34, EV 89.4 MPH)
|
|
Batting: SHB Blake Abbott
|
0-0: Foul Ball, location: 2F 0-1: Ball 1-1: Foul Ball, location: 2F 1-2: Ball 2-2: Fly out, F5 (Line Drive, 6, EV 68.1 MPH)
|
| Top of the 7th over - 0 runs, 0 hits, 0 errors, 0 left on base; Tri-City 0 - Auburn 1 |
| BOTTOM OF THE 7TH |
|
Auburn Doubledays batting - Pitching for Tri-City Dust Devils : LHP Kyle Bachman
|
|
Batting: RHB Billy Williamson
|
0-0: Called Strike 0-1: Ground out 6-3 (Groundball, 6MD, EV 88.8 MPH)
|
|
Batting: RHB Joe Simmelink
|
0-0: Called Strike 0-1: Ball 1-1: Ball 2-1: Ground out 6-3 (Groundball, 6, EV 81.9 MPH)
|
|
Batting: RHB Jon Ortiz
|
0-0: Ball 1-0: Ball 2-0: Ball 3-0: Ground out 6-3 (Groundball, 6, EV 105.0 MPH)
|
| Bottom of the 7th over - 0 runs, 0 hits, 0 errors, 0 left on base; Tri-City 0 - Auburn 1 |
| TOP OF THE 8TH |
|
Tri-City Dust Devils batting - Pitching for Auburn Doubledays : RHP Greg Hall
|
|
Pitching: LHP Willie Rivera
|
|
|
Batting: RHB Hector Fernandez
|
0-0: Fly out, F3 (Popup, 3SF, EV 86.2 MPH)
|
|
Pinch Hitting: RHB Yuusei Narita
|
0-0: Ball 1-0: Fly out, F7 (Flyball, 7S, EV 86.2 MPH)
|
|
Batting: RHB Joel Vazquez
|
0-0: Ball 1-0: Foul Ball, location: 2F 1-1: Called Strike 1-2: Ball 2-2: Strikes out swinging
|
| Top of the 8th over - 0 runs, 0 hits, 0 errors, 0 left on base; Tri-City 0 - Auburn 1 |
| BOTTOM OF THE 8TH |
|
Auburn Doubledays batting - Pitching for Tri-City Dust Devils : LHP Kyle Bachman
|
|
Now at 1B: Terry Sutherland
|
|
|
Batting: RHB Jorge Torres
|
0-0: Ball 1-0: Ground out 5-3 (Groundball, 56, EV 85.6 MPH)
|
|
Pitching: RHP Jake Gregor
|
|
|
Batting: LHB Tony Olvera
|
0-0: Called Strike 0-1: Foul Ball, location: 2F 0-2: Strikes out swinging
|
|
Batting: RHB Qian Tai
|
0-0: Ball 1-0: Ball 2-0: Foul Ball, location: 2F 2-1: Called Strike 2-2: Strikes out swinging
|
| Bottom of the 8th over - 0 runs, 0 hits, 0 errors, 0 left on base; Tri-City 0 - Auburn 1 |
| TOP OF THE 9TH |
|
Tri-City Dust Devils batting - Pitching for Auburn Doubledays : LHP Willie Rivera
|
|
Pitching: RHP Johnny Hallamore
|
|
|
Batting: RHB Pleun Smit
|
0-0: Ball 1-0: Ball 2-0: Ball 3-0: Called Strike 3-1: Base on Balls
|
|
Batting: RHB Ben Hoffman
|
0-0: Bunted foul 0-1: Sac Bunt to 13 - play at first, batter OUT! 1-3 Pleun Smit to second
|
|
Batting: SHB Cesar Arteaga
|
0-0: Ball 1-0: Called Strike 1-1: Foul Ball, location: 2F 1-2: Ball 2-2: Ground out 4-3 (Groundball, 4, EV 107.5 MPH) Pleun Smit to third
|
|
Batting: LHB Justin Rankin
|
0-0: Called Strike 0-1: Ball Passed Ball! Pleun Smit scores 1-1: Ball 2-1: Ball 3-1: Swinging Strike 3-2: Foul Ball, location: 2F 3-2: Strikes out swinging
|
| Top of the 9th over - 1 run, 0 hits, 0 errors, 0 left on base; Tri-City 1 - Auburn 1 |
| BOTTOM OF THE 9TH |
|
Auburn Doubledays batting - Pitching for Tri-City Dust Devils : RHP Jake Gregor
|
|
Pitching: RHP Jarrod Kenny
|
|
|
Pinch Hitting: SHB Fernando Fundora
|
0-0: Called Strike 0-1: Swinging Strike 0-2: Strikes out looking
|
|
Batting: RHB Kenny Ball
|
0-0: Swinging Strike 0-1: Called Strike 0-2: Foul Ball, location: 2F 0-2: Ball 1-2: Strikes out swinging
|
|
Batting: LHB Mike Hamilton
|
0-0: Ball 1-0: Ball 2-0: Called Strike 2-1: Swinging Strike 2-2: Foul Ball, location: 2F 2-2: Strikes out swinging
|
| Bottom of the 9th over - 0 runs, 0 hits, 0 errors, 0 left on base; Tri-City 1 - Auburn 1 |
| TOP OF THE 10TH |
|
Tri-City Dust Devils batting - Pitching for Auburn Doubledays : RHP Johnny Hallamore
|
|
Pitching: RHP Matt Norris
|
|
|
Now at 2B: Alex Martinez
|
|
|
Batting: SHB Jared Boyce
|
0-0: Ball 1-0: SINGLE (Groundball, 4MD, EV 103.1 MPH)
|
|
Batting: SHB Blake Abbott
|
0-0: Ball 1-0: Called Strike 1-1: Foul Ball, location: 2F 1-2: Foul Ball, location: 2F 1-2: Ball 2-2: Strikes out swinging
|
|
Batting: RHB Hector Fernandez
|
0-0: Swinging Strike 0-1: Swinging Strike 0-2: Ball 1-2: Strikes out swinging
|
|
Batting: RHB Terry Sutherland
|
0-0: Ball Jared Boyce is caught stealing 2nd base 2-4
|
| Top of the 10th over - 0 runs, 1 hit, 0 errors, 0 left on base; Tri-City 1 - Auburn 1 |
| BOTTOM OF THE 10TH |
|
Auburn Doubledays batting - Pitching for Tri-City Dust Devils : RHP Jarrod Kenny
|
|
Pinch Hitting: RHB Luis Vargas
|
0-0: Ball 1-0: Ground out 5-3 (Groundball, 56S, EV 66.9 MPH)
|
|
Batting: RHB Joe Simmelink
|
0-0: Ground out 4-3 (Groundball, 4, EV 86.2 MPH)
|
|
Batting: RHB Jon Ortiz
|
0-0: Called Strike 0-1: Ground out 5-3 (Groundball, 56S, EV 81.9 MPH)
|
| Bottom of the 10th over - 0 runs, 0 hits, 0 errors, 0 left on base; Tri-City 1 - Auburn 1 |
| TOP OF THE 11TH |
|
Tri-City Dust Devils batting - Pitching for Auburn Doubledays : RHP Matt Norris
|
|
Now at 3B: Colin Morris
|
|
|
Batting: RHB Terry Sutherland
|
0-0: Foul Ball, location: 2F 0-1: Swinging Strike 0-2: Ball 1-2: Strikes out swinging
|
|
Batting: RHB Joel Vazquez
|
0-0: Ball 1-0: Foul Ball, location: 2F 1-1: Foul Ball, location: 2F 1-2: Ball 2-2: Ball 3-2: Base on Balls
|
|
Batting: RHB Pleun Smit
|
0-0: Grounds into double play, 6-4-3 (Groundball, 6, EV 86.2 MPH)
|
| Top of the 11th over - 0 runs, 0 hits, 0 errors, 0 left on base; Tri-City 1 - Auburn 1 |
| BOTTOM OF THE 11TH |
|
Auburn Doubledays batting - Pitching for Tri-City Dust Devils : RHP Jarrod Kenny
|
|
Batting: RHB Jorge Torres
|
0-0: Ball 1-0: Foul Ball, location: 2F 1-1: Swinging Strike 1-2: Strikes out looking
|
|
Batting: LHB Tony Olvera
|
0-0: Ball 1-0: Called Strike 1-1: Swinging Strike 1-2: Ground out 4-3 (Groundball, 4M, EV 76.2 MPH)
|
|
Batting: RHB Qian Tai
|
0-0: Called Strike 0-1: Ball 1-1: Called Strike 1-2: Ball 2-2: Ground out 5-3 (Groundball, 5, EV 81.2 MPH)
|
| Bottom of the 11th over - 0 runs, 0 hits, 0 errors, 0 left on base; Tri-City 1 - Auburn 1 |
| TOP OF THE 12TH |
|
Tri-City Dust Devils batting - Pitching for Auburn Doubledays : RHP Matt Norris
|
|
Batting: RHB Ben Hoffman
|
0-0: Swinging Strike 0-1: Called Strike 0-2: Ball 1-2: Strikes out looking
|
|
Batting: SHB Cesar Arteaga
|
0-0: Ground out 4-3 (Groundball, 4M, EV 91.2 MPH)
|
|
Batting: LHB Justin Rankin
|
0-0: Called Strike 0-1: Ground out 4-3 (Groundball, 34, EV 78.1 MPH)
|
| Top of the 12th over - 0 runs, 0 hits, 0 errors, 0 left on base; Tri-City 1 - Auburn 1 |
| BOTTOM OF THE 12TH |
|
Auburn Doubledays batting - Pitching for Tri-City Dust Devils : RHP Jarrod Kenny
|
|
Pitching: RHP Chris Haselhorst
|
|
|
Batting: RHB Alex Martinez
|
0-0: Swinging Strike 0-1: SINGLE (Groundball, 6MD, EV 95.6 MPH)
|
|
Batting: RHB Kenny Ball
|
0-0: Ball 1-0: Foul Ball, location: 2F 1-1: Hit by Pitch Alex Martinez to second
|
|
Batting: LHB Mike Hamilton
|
0-0: Ball 1-0: Called Strike 1-1: Called Strike 1-2: Hit by Pitch Alex Martinez to third Kenny Ball to second
|
|
Batting: RHB Colin Morris
|
0-0: Ball 1-0: Ball 2-0: DOUBLE (Line Drive, 78D, EV 95.0 MPH) Alex Martinez scores
|
| Bottom of the 12th over - 1 run, 2 hits, 0 errors, 2 left on base; Tri-City 1 - Auburn 2 |
|